Map: Tokamak LE

Players

LigerMaNN - Winner!

  • Race: Zerg Zerg
  • League: Diamond
  • Spawn Location: 1:00

A.I. 1 (Elite)

  • Race: Terran Terran
  • Spawn Location: 7:00

VOD

Have the link to the VOD?

Description

Time

  • Played on: June 3, 2025, 12:29 a.m.
  • Length: 12:20
Show
View Real Time Build Order
Export as new Build Order

LigerMaNN Zerg - Winner!

Build Orders: Hatch First 

Get SALT Encoding   

  12  0:00  Drone  
  13  0:12  Overlord  
  13  0:19  Drone  
  14  0:31  Drone x2  
  14  0:34  Drone  
  17  0:51  Hatchery  
  17  0:54  Drone  
  17  0:58  Drone  
  18  1:08  Extractor  
  17  1:14  Spawning Pool  
  17  1:16  Drone  
  17  1:20  Drone  
  18  1:29  Drone  
  19  1:39  Overlord  
  19  2:04  Zergling x6, Queen  
  19  2:05  Queen  
  26  2:11  Metabolic Boost  
  26  2:14  Drone  
  27  2:17  Drone  
  29  2:22  Drone  
  29  2:29  Drone  
  30  2:40  Hatchery  
  29  2:49  Queen  
  31  2:55  Pneumatized Carapace  
  31  3:05  Overlord  
  31  3:07  Drone x2  
  31  3:09  Drone  
  31  3:29  Drone x7  
  38  3:37  Drone  
  38  3:38  Queen  
  41  3:47  Drone x3  
  44  3:49  Overlord  
  44  3:51  Overlord  
  44  3:58  Drone x2  
  44  4:00  Drone  
  44  4:01  Drone x2  
  49  4:03  Drone  
  50  4:15  Drone, Extractor  
  50  4:17  Drone x2  
  50  4:18  Lair  
  50  4:20  Queen  
  54  4:32  Drone  
  54  4:33  Drone x6  
  54  4:36  Extractor  
  60  4:40  Overlord  
  60  4:41  Overlord x2  
  60  4:45  Queen  
  62  5:04  Drone x7  
  69  5:07  Baneling Nest  
  69  5:09  Evolution Chamber  
  69  5:12  Evolution Chamber  
  69  5:13  Drone x3  
  69  5:22  Drone  
  69  5:23  Drone x2, Hydralisk Den  
  69  5:26  Hatchery  
  70  5:32  Hatchery  
  69  5:41  Zerg Melee Weapons Level 1, Zerg Ground Armor Level 1  
  69  5:45  Drone x8  
  69  5:46  Drone  
  69  5:48  Overlord  
  78  5:52  Extractor x2  
  78  5:53  Extractor  
  78  5:56  Overlord  
  78  5:57  Overlord  
  75  5:58  Overlord  
  75  6:01  Centrifugal Hooks  
  75  6:03  Muscular Augments  
  75  6:13  Drone x2  
  75  6:14  Zergling x16  
  85  6:26  Queen  
  85  6:31  Hydralisk  
  85  6:32  Hydralisk x4  
  97  6:33  Hydralisk  
  99  6:45  Drone x8  
  99  6:46  Drone x2  
  109  7:00  Drone x8  
  117  7:03  Overlord  
  117  7:07  Grooved Spines, Extractor x2  
  115  7:27  Hatchery  
  114  7:32  Hydralisk x12  
  114  7:34  Zergling x8  
  142  7:41  Zerg Melee Weapons Level 2, Zerg Ground Armor Level 2  
  142  7:53  Overlord x5  
  142  8:15  Infestation Pit  
  142  8:16  Zergling x34  
  158  8:21  Baneling x10  
  158  8:22  Baneling x14  
  158  8:24  Zergling x8  
  162  8:32  Drone  
  162  8:33  Drone x5  
  151  8:51  Hive  
  151  8:58  Drone  
  151  8:59  Hydralisk x4  
  151  9:00  Hydralisk x10  
  180  9:03  Baneling  
  180  9:05  Baneling x5  
  180  9:06  Baneling  
  180  9:07  Baneling  
  180  9:09  Drone  
  181  9:28  Zergling x12  
  181  9:30  Overlord x4  
  181  9:31  Overlord  
  187  9:39  Baneling x17  
  187  9:40  Baneling  
  187  9:51  Zergling x24  
  199  10:03  Baneling x15  
  199  10:04  Baneling x5  
  186  11:09  Zergling x14  
  186  11:10  Zergling x16  
  187  11:50  Spore Crawler  
Show
View Real Time Build Order
Export as new Build Order

A.I. 1 (Elite) Terran 

Build Orders:  

Get SALT Encoding   

  12  0:00  SCV  
  13  0:13  SCV  
  14  0:18  Supply Depot  
  14  0:25  SCV  
  14  0:28  Refinery  
  15  0:39  SCV  
  16  0:47  Barracks  
  16  0:51  SCV  
  17  1:03  SCV  
  18  1:16  SCV  
  19  1:34  Supply Depot  
  19  1:35  Orbital Command  
  19  1:36  Marine  
  19  1:39  Factory  
  20  1:47  Barracks  
  20  1:54  Marine  
  20  2:01  SCV  
  22  2:12  Barracks Tech Lab  
  22  2:13  SCV  
  23  2:20  Supply Depot  
  23  2:25  Hellion  
  23  2:29  SCV  
  25  2:31  Marauder  
  25  2:32  Concussive Shells  
  27  2:37  Barracks Tech Lab  
  27  2:46  SCV  
  27  2:47  Hellion  
  30  2:53  Marauder  
  30  2:56  Marauder  
  34  2:58  Supply Depot  
  34  3:08  Hellion  
  36  3:14  Marauder  
  36  3:18  Marauder  
  39  3:29  Supply Depot  
  39  3:30  Hellion  
  41  3:35  Marine  
  41  3:38  Refinery  
  41  3:39  Marauder  
  41  3:41  SCV  
  45  3:53  Marine  
  45  3:54  Starport, SCV  
  47  4:00  Marine  
  48  4:09  SCV  
  49  4:10  Marine  
  50  4:18  Marine  
  50  4:21  SCV  
  52  4:28  Marine  
  52  4:30  Stimpack  
  53  4:32  Medivac  
  53  4:35  Supply Depot  
  55  4:56  Marine x2, Engineering Bay  
  55  4:58  Supply Depot  
  57  5:08  Command Center  
  57  5:14  Marine  
  57  5:16  Marauder  
  60  5:22  Terran Infantry Weapons Level 1  
  60  5:32  Marine  
  61  5:37  Marauder  
  63  5:43  Supply Depot  
  63  5:49  Marine  
  63  5:50  Engineering Bay  
  63  5:53  Combat Shield  
  64  6:04  Barracks  
  64  6:07  Marine  
  64  6:09  Marine  
  66  6:16  Terran Infantry Armor Level 1  
  66  6:20  SCV  
  66  6:22  SCV  
  70  6:25  Marauder  
  70  6:32  SCV  
  71  6:34  SCV  
  72  6:44  SCV  
  72  6:46  SCV  
  74  6:52  Barracks Reactor  
  74  6:53  Marauder, Marine, Medivac  
  79  6:56  SCV  
  79  6:58  SCV  
  79  7:00  Supply Depot  
  81  7:10  Marine  
  81  7:14  Marauder  
  81  7:15  Command Center  
  84  7:17  SCV  
  84  7:18  SCV  
  86  7:29  Marauder, SCV  
  89  7:30  SCV  
  89  7:34  Supply Depot  
  90  7:41  SCV  
  90  7:43  SCV  
  92  7:48  Missile Turret  
  92  7:52  Missile Turret  
  92  7:54  SCV  
  92  7:55  SCV  
  94  8:03  Barracks, Starport Reactor  
  94  8:07  Orbital Command, Marine  
  94  8:09  Marine  
  96  8:14  Supply Depot  
  96  8:19  Armory  
  96  8:25  Marine  
  97  8:27  SCV  
  97  8:29  SCV  
  97  8:32  SCV  
  100  8:37  Marine  
  100  8:38  Marine  
  100  8:39  Marine, SCV, Medivac  
  77  8:43  Marine  
  77  8:44  SCV  
  58  8:48  SCV  
  58  8:50  Marine  
  58  8:52  SCV  
  61  8:55  Marauder  
  61  8:56  Marine, SCV  
  61  8:57  Marine  
  61  9:01  Marine, SCV  
  66  9:04  SCV  
  66  9:07  Marine  
  66  9:08  Terran Infantry Weapons Level 2, SCV  
  69  9:13  Hellion, SCV  
  69  9:14  Marine  
  69  9:15  Marine  
  69  9:16  Marine, SCV  
  76  9:19  Marauder  
  76  9:20  SCV  
  79  9:25  Marine  
  79  9:28  SCV  
  79  9:29  SCV  
  82  9:31  Marine  
  82  9:32  Marine, SCV  
  82  9:34  Marine  
  82  9:35  Hellion  
  88  9:40  Marine  
  89  9:46  Medivac  
  89  9:50  Orbital Command  
  93  9:52  Marauder, Missile Turret  
  93  9:56  Missile Turret, Factory Tech Lab  
  93  9:58  Marauder  
  95  10:03  Medivac  
  95  10:06  Refinery  
  97  10:07  Refinery  
  97  10:12  Refinery  
  99  10:14  Marauder, Hellion  
  99  10:16  Medivac  
  99  10:20  Marauder  
  99  10:21  Refinery  
  104  10:24  Supply Depot  
  104  10:28  SCV  
  105  10:29  SCV  
  105  10:30  SCV  
  105  10:32  Viking  
  111  10:35  Marauder  
  111  10:36  Hellion  
  111  10:40  SCV  
  111  10:41  Marauder  
  111  10:42  SCV  
  116  10:45  SCV  
  116  10:49  Supply Depot  
  117  10:52  SCV  
  117  10:53  Viking  
  117  10:54  SCV  
  117  10:56  Marine  
  117  10:57  Marauder, Hellion, Marine  
  113  10:58  SCV  
  113  10:59  Marine  
  113  11:03  Marauder  
  91  11:04  SCV  
  91  11:07  SCV  
  93  11:11  Medivac  
  93  11:14  Marine  
  93  11:15  Marine  
  93  11:17  Marine  
  93  11:18  Marauder, Hellion  
  91  11:24  Marauder  
  81  11:32  Marine  
  72  11:35  Marine x2, SCV  
  72  11:39  Marauder  
  54  11:40  Hellion  
  54  11:45  Marine  
  36  11:47  SCV  
  36  11:53  Marine  
  15  12:00  SCV  
Tags
 
League
Diamond
Matchup
TvZ
Replay Pack
June 2025
Spawn Locations
Cross Positions
Add a new tag
Caveats
  • Supply blocks, unpowered buildings, or Contaminate may cause inaccurate times.
  • Supply counts are checked every 10 seconds.